 Dungeon Crawl Stone Soup version 0.23.1-44-gbd83930989 (webtiles) character file.

Game seed: 8389235205472739662

2081 Marnok the Shield-Bearer (level 9, -8/69 HPs)
             Began as a Formicid Fighter on Mar 30, 2019.
             Mangled by a two-headed ogre
             ... wielding a +0 giant club
              (17 damage)
             ... on level 9 of the Dungeon.
             The game lasted 00:23:36 (5727 turns).

Marnok the Shield-Bearer (Formicid Fighter)         Turns: 5727, Time: 00:23:37

Health: -8/69      AC:  5    Str: 24      XL:     9   Next: 51%
Magic:  9/9        EV: 12    Int:  8      God:
Gold:   284        SH: 12    Dex:  9 (10) Spells: 8/8 levels left

rFire    + + .     SeeInvis +   n - +2 short sword (speed)
rCold    . . .     Gourm    .   c - +1 shield
rNeg     . . .     Faith    .   l - +2 leather armour {rF+}
rPois    .         Spirit   .   (helmet unavailable)
rElec    .         Reflect  .   a - scarf {repulsion}
rCorr    .         Harm     .   (no gloves)
MR       +....                  (no boots)
Stlth    ++........             (no amulet)
HPRegen  0.21/turn              m - ring of protection from fire
MPRegen  0.11/turn              (no ring)

@: repel missiles
A: permanent stasis, dig shafts and tunnels, four strong arms, antennae 3,
deterioration 1, magic resistance 1, wild magic 1, MP-powered wands
a: Dig, Shaft Self


You were on level 9 of the Dungeon.
You were very hungry.

You visited 1 branch of the dungeon, and saw 9 of its levels.
You also visited: Sewer.

You collected 284 gold pieces.

Inventory:

Hand Weapons
 n - a +2 short sword of speed (weapon)
Armour
 a - a scarf of repulsion (worn)
 c - a +1 shield (worn)
 g - a cursed -1 ring mail
 l - a +2 leather armour of fire resistance (worn)
Jewellery
 m - a ring of protection from fire (left hand)
Wands
 b - a wand of iceblast (10)
 q - a wand of polymorph (6)
 u - a wand of paralysis (12)
Scrolls
 k - 2 scrolls of remove curse
Potions
 i - 3 potions of curing
 j - a potion of cancellation
 t - a potion of invisibility
Comestibles
 f - 14 rations


   Skills:
 + Level 5.7 Fighting
 + Level 6.9(7.3) Short Blades
   Level 3.4(5.6) Long Blades
 + Level 5.3 Armour
 + Level 3.3 Dodging
 + Level 2.2 Stealth
 + Level 7.4 Shields


You had 8 spell levels left.
You didn't know any spells.
Your spell library contained the following spells:

 Spells                   Type           Power        Failure   Level  Hunger
 Animate Skeleton         Necr           N/A          65%         1    ##.....
 Pain                     Necr           #...         65%         1    ##.....
 Shock                    Conj/Air       #...         65%         1    ##.....
 Swiftness                Chrm/Air       #.......     78%         2    ###....
 Regeneration             Chrm/Necr      #.........   94%         3    ####...
 Static Discharge         Conj/Air       #.......     94%         3    ####...
 Vampiric Draining        Necr           #.........   94%         3    ####...
 Airstrike                Air            #.........   100%        4    #####..
 Animate Dead             Necr           N/A          100%        4    #####..
 Lightning Bolt           Conj/Air       #.........   100%        5    ######.


Dungeon Overview and Level Annotations

Branches:
Dungeon (8/15)             Temple (0/1) D:6
   Lair: D:8-11

Altars:
Elyvilon
Kikubaaqudgha


Innate Abilities, Weirdness & Mutations

You cannot be hasted, slowed, berserked, paralysed or teleported.
You can dig through walls and to a lower floor.
Your four strong arms can wield two-handed weapons with a shield.
You have a pair of large antennae on your head. (SInv)
Your body sometimes deteriorates upon taking damage.
You are resistant to hostile enchantments. (MR+)
Your spells are a little harder to cast, but a little more powerful.
You expend magic power (3 MP) to strengthen your wands.


Message History

You block the orc warrior's attack. A shaft appears beneath you!
You fall through a shaft!
The shaft crumbles and collapses.
A leopard gecko, an ogre and a zombie come into view.
The ogre shouts!
You hear a shout! x2
Found 12 gold pieces.
Found a stone staircase leading down.
A two-headed ogre comes into view. It is wielding two +0 giant clubs.
The two-headed ogre shouts in stereo!
The two-headed ogre barely misses you. You block the two-headed ogre's attack.
A worker ant comes into view.
The worker ant twitches its antennae in your direction.
An adder comes into view.
An orc comes into view. It is wielding a +0 mace.
The adder hisses angrily.
An adder zombie comes into view.
A hound zombie comes into view.
An ice beast comes into view.
Found 29 stones.
The two-headed ogre hits you with a +0 giant club!
You die...

.. .......# #.....#
... ....Y.# #{...8.
...## ##....# #.....#
.....
#.....#####.....#
.##...
#.......8..#####.
......##.o........#
#...aZ.........#
..##...O###.#.....#
.......@..###.....#
.....Z....# #.......
...........##........
..........(.....#.....
............#...#.....
............# .
.........#...
.......##.....


You could see a two-headed ogre, an ice beast, a worker ant, an orc, a hound
zombie and a howler monkey zombie.

Vanquished Creatures
  Duvessa (D:6)
  2 sky beasts
  A phantom (D:5)
  A black bear (D:8)
  A necrophage (D:5)
  3 ogres
  A centaur (D:6)
  4 bullfrogs
  A wyvern zombie (D:7)
  Dowan (D:6)
  A scorpion (D:4)
  A killer bee (D:8)
  A howler monkey (D:6)
  2 vampire bats (D:2)
  A bullfrog zombie (D:3)
  A crimson imp (D:6)
  A bullfrog skeleton (D:5)
  3 iguanas
  Natasha (twice) (D:2)
  4 worker ants
  A hound skeleton (D:4)
  2 worker ant zombies (D:6)
  2 gnolls (D:7)
  7 adders
  A shadow imp (D:6)
  An ooze (D:3)
  An adder skeleton (D:6)
  A worm (D:3)
  2 dart slugs
  5 leopard geckos
  23 orcs
  A bat skeleton (D:2)
  5 bat zombies (D:2)
  12 giant cockroaches
  6 goblins
  4 hobgoblins
  12 jackals
  12 kobolds
  4 quokkas
  3 ball pythons (Sewer)
  7 bats
  10 frilled lizards
  A giant cockroach zombie (D:5)
  A quokka zombie (D:6)
  6 rats
163 creatures vanquished.

Notes
Turn   | Place    | Note
-------+----------+-------------------------------------------
     0 | D:1      | Marnok the Formicid Fighter began the quest for the Orb.
     0 | D:1      | Reached XP level 1. HP: 18/18 MP: 1/1
    43 | D:1      | Reached XP level 2. HP: 24/24 MP: 2/2
   290 | D:1      | Reached skill level 4 in Shields
   325 | D:1      | Reached XP level 3. HP: 23/29 MP: 3/3
   760 | D:2      | Found an ancient bone altar of Kikubaaqudgha.
   767 | D:2      | Reached XP level 4. HP: 29/37 MP: 4/4
   800 | D:2      | Reached XP level 5. HP: 25/42 MP: 5/5
  1156 | D:3      | Found a glowing drain.
  1160 | Sewer    | Entered a sewer
  1337 | Sewer    | Reached skill level 1 in Dodging
  1419 | Sewer    | Noticed a bullfrog
  1420 | Sewer    | Noticed a bullfrog
  1432 | Sewer    | Killed a bullfrog
  1432 | Sewer    | Reached skill level 1 in Short Blades
  1432 | Sewer    | Reached skill level 5 in Shields
  1432 | Sewer    | Reached XP level 6. HP: 40/48 MP: 6/6
  1777 | D:2      | Noticed Natasha
  1783 | D:2      | Killed Natasha
  1783 | D:2      | Reached XP level 7. HP: 50/54 MP: 7/7
  1860 | D:2      | Found a faded altar of an unknown god.
  1863 | D:2      | Found a white marble altar of Elyvilon.
  1963 | D:2      | Noticed Natasha
  1973 | D:2      | Killed Natasha
  3187 | D:5      | Entered Level 5 of the Dungeon
  3317 | D:4      | You fall through a shaft!
  3380 | D:5      | Found the +6 lightning scales {run, rElec}
  3400 | D:5      | Reached skill level 6 in Shields
  3643 | D:5      | Reached XP level 8. HP: 29/61 MP: 8/8
  3657 | D:5      | Gained mutation: Your body sometimes deteriorates upon
                  | taking damage. [potion of mutation]
  3657 | D:5      | Gained mutation: You are resistant to hostile enchantments.
                  | (MR+) [potion of mutation]
  3657 | D:5      | Gained mutation: Your spells are a little harder to cast,
                  | but a little more powerful. [potion of mutation]
  3657 | D:5      | Gained mutation: You expend magic power (3 MP) to
                  | strengthen your wands. [potion of mutation]
  3772 | D:5      | Reached skill level 5 in Armour
  4003 | D:5      | Reached skill level 1 in Stealth
  5040 | D:6      | Reached skill level 5 in Fighting
  5055 | D:6      | Reached skill level 5 in Short Blades
  5072 | D:6      | Noticed Duvessa
  5073 | D:6      | Noticed Dowan
  5095 | D:6      | Killed Duvessa
  5095 | D:6      | Reached XP level 9. HP: 49/68 MP: 9/9
  5117 | D:6      | Killed Dowan
  5117 | D:6      | Reached skill level 7 in Shields
  5121 | D:6      | Found a staircase to the Ecumenical Temple.
  5480 | D:7      | You fall through a shaft!
  5713 | D:8      | You fall through a shaft!
  5714 | D:9      | Noticed a two-headed ogre
  5727 | D:9      | Mangled by a two-headed ogre

Skill      XL: |  1  2  3  4  5  6  7  8  9 |
---------------+----------------------------+-----
Shields        | 4 5 6 7 |  7.4
Long Blades    | 3 |  3.4
Fighting       | 4 5 |  5.7
Dodging        | 1 2 3 |  3.3
Armour         | 4 5 |  5.3
Short Blades   | 1 3 5 6 |  6.9
Stealth        | 1 2 |  2.2

Action                   |  1- 3 |  4- 6 |  7- 9 || total
-------------------------+-------+-------+-------++-------
Melee: Long sword        |    90 |    34 |       ||   124
       Short sword       |       |    92 |   506 ||   598
 Abil: Shaft Self        |       |       |     2 ||     2
  Use: Scroll            |       |     6 |     2 ||     8
       Potion            |       |     2 |    11 ||    13
  Eat: Chunk             |       |     3 |    13 ||    16
Armor: Scale mail        |    83 |    49 |       ||   132
       Plate armour      |       |     5 |       ||     5
       Leather armour    |       |       |    34 ||    34
Dodge: Dodged            |    57 |    49 |   124 ||   230
       Deflected         |       |       |     1 ||     1
Block: Shield            |    80 |   102 |   202 ||   384
       Rpst.: Long sword |    21 |     8 |       ||    29
